 Dungeon Crawl Stone Soup version 0.23.2-33-g5129a83184 (webtiles) character file.

Game seed: 4908894806820841188

95 Joat the Shield-Bearer (level 4, -6/28 HPs)
             Began as a Gargoyle Fighter on July 4, 2019.
             Killed by divine providence
             ... invoked by an orc priest
              (12 damage)
             ... on level 2 of the Dungeon.
             The game lasted 00:05:44 (2021 turns).

Joat the Shield-Bearer (Gargoyle Fighter)           Turns: 2021, Time: 00:05:44

Health: -6/28      AC: 16    Str: 24    XL:     4   Next: 66%
Magic:  4/4        EV:  6    Int: 10    God:
Gold:   148        SH: 13    Dex: 15    Spells: 3/3 levels left

rFire    + . .     SeeInvis .   g - +4 mace
rCold    + . .     Gourm    .   c - +0 shield
rNeg     + . .     Faith    .   a - +0 chain mail
rPois    ∞         Spirit   .   (no helmet)
rElec    +         Reflect  +   k - scarf {rC+ rF+}
rCorr    .         Harm     .   (no gloves)
MR       .....                  (no boots)
Stlth    ..........             r - +3 amulet of reflection
HPRegen  0.09/turn              j - +6 ring of dexterity
MPRegen  0.09/turn              w - +4 ring of protection

@: mighty
A: negative energy resistance 1, electricity resistance, unbreathing,
petrification resistance, rot immunity, AC +3
a: no special abilities


You were on level 2 of the Dungeon.
You were not hungry.

You visited 1 branch of the dungeon, and saw 3 of its levels.

You collected 148 gold pieces.

Inventory:

Hand Weapons
 g - a +4 mace (weapon)
 p - a +2 dagger of speed
Armour
 a - a +0 chain mail (worn)
 c - a +0 shield (worn)
 k - a scarf of resistance (worn)
Jewellery
 j - a +6 ring of dexterity (left hand)
 r - a +3 amulet of reflection (around neck)
 w - a +4 ring of protection (right hand)
Scrolls
 e - a scroll of teleportation {unknown}
 h - a scroll of amnesia {unknown}
 m - a scroll of identify {unknown}
 o - a scroll of remove curse {unknown}
 s - a scroll of immolation {unknown}
 t - a scroll of enchant weapon {unknown}
Potions
 b - 2 potions of magic {unknown}
 d - a potion of might
 i - a potion of cancellation {unknown}
 l - a potion of degeneration {unknown}
 u - a potion of ambrosia {unknown}
 v - a potion of haste {unknown}
Comestibles
 f - 7 rations
 n - 6 chunks of flesh


   Skills:
 + Level 3.6 Fighting
 * Level 2.8 Maces & Flails
 + Level 3.7 Armour
 * Level 4.6 Shields


You had 3 spell levels left.
You didn't know any spells.
Your spell library was empty.

Dungeon Overview and Level Annotations

Branches:
Dungeon (3/15)

Altars:


Innate Abilities, Weirdness & Mutations

You are resistant to torment.
Your stone body is resilient. (AC +3)
You are immune to poison.
You resist negative energy. (rN+)
You are resistant to electric shocks. (rElec)
You can survive without breathing.
You are immune to petrification.
You are immune to rotting.


Message History

The orc wizard hits you but does no damage.
The orc priest completely misses you. The orc hits you but does no damage.
The orc wizard looks satisfied for a moment.
You hit the orc priest.
The orc priest is lightly wounded.
You block the orc wizard's attack.
The orc priest hits you but does no damage.
The orc hits you but does no damage. The orc wizard casts a spell at you.
The magic dart hits you but does no damage.
The orc priest invokes the aid of Beogh against you.
Beogh smites you!
Ouch! That really hurt!
* * * LOW HITPOINT WARNING * * *
The orc hits you but does no damage.
You feel very mighty all of a sudden. The orc wizard barely misses you.
The orc hits you but does no damage.
The orc priest invokes the aid of Beogh against you.
Beogh smites you!
You die...

#.# #.# #..
#######.# #.# ###
#..<....# #.#
#.#####.# #.# #.#
#.# #.# #.# #.#
#.##### #.#
#.####......
#o#####(##....÷.##
#@o...........#.#
###o........##.#.#
#........#####.#.#
#.#.###### #.#.#
#.#.# #.#.# #.#.#
########.#.#
#.#.###........#.#
#.#..##.########.##
#.##.#...##........


You could see an orc priest, an orc wizard and an orc.

Vanquished Creatures
  A bullfrog skeleton (D:2)
  3 adders
  2 worms (D:2)
  A dart slug (D:1)
  2 leopard geckos (D:2)
  An orc (D:3)
  2 giant cockroaches (D:1)
  5 goblins
  A hobgoblin (D:2)
  6 kobolds
  A quokka (D:2)
  A ball python (D:3)
  3 bats
  3 frilled lizards
  3 rats
35 creatures vanquished.

Notes
Turn   | Place    | Note
-------+----------+-------------------------------------------
     0 | D:1      | Joat the Gargoyle Fighter began the quest for the Orb.
     0 | D:1      | Reached XP level 1. HP: 14/14 MP: 1/1
   456 | D:1      | Reached XP level 2. HP: 11/19 MP: 2/2
  1106 | D:2      | Reached skill level 4 in Shields
  1411 | D:2      | Reached XP level 3. HP: 23/23 MP: 3/3
  1514 | D:2      | Reached XP level 4. HP: 28/28 MP: 4/4
  2021 | D:2      | Killed from afar by an orc priest

Skill      XL: |  1  2 |
---------------+-------+-----
Shields        | 4 |  4.6
Fighting       | |  3.6
Maces & Flails | |  2.8
Armour         | |  3.7

Action                   |  1- 3 |  4- 6 || total
-------------------------+-------+-------++-------
Melee: Mace              |    64 |    52 ||   116
       Flail             |    10 |       ||    10
  Use: Potion            |       |     1 ||     1
  Eat: Chunk             |     2 |     2 ||     4
Armor: Chain mail        |    40 |    52 ||    92
       Scale mail        |     5 |       ||     5
Dodge: Dodged            |    10 |    14 ||    24
Block: Shield            |    33 |    54 ||    87
